 Dungeon Crawl Stone Soup version 0.31-a0-524-g2a164cf6a2 (webtiles) character file.

Game seed: 14007114880793456121

2632 AdnanSaban the Basher (level 9, -1/55 HPs)
             Began as a Gargoyle Fighter on Aug 12, 2023.
             Was a Priest of Okawaru.
             Slain by a killer bee (4 damage)
             ... on level 6 of the Dungeon.
             The game lasted 00:07:12 (6462 turns).

AdnanSaban the Basher (Gargoyle Fighter)            Turns: 6462, Time: 00:07:12

Health: -1/55      AC: 24    Str: 24    XL:     9   Next: 61%
Magic:  11/11      EV:  7    Int:  9    God:    Okawaru [***...]
Gold:   333        SH:  5    Dex:  9    Spells: 8/8 levels left

rFire   . . .        x - +1 flail (holy)
rCold   . . .        c - +0 buckler
rNeg    + + .        z - +0 plate armour
rPois   ∞            j - +2 helmet
rElec   +            (no cloak)
rCorr   .            m - +0 pair of gloves
SInv    .            (no boots)
Will    .....        (no amulet) Stlth
                     n - ring of positive energy
HPRegen 0.29/turn    (no ring)
MPRegen 0.12/turn

%: no passive effects
@: no status effects
A: sickness immunity, AC +6, negative energy resistance 1, electricity
resistance, torment resistance 1, petrification resistance
a: Renounce Religion, Heroism


You were on level 6 of the Dungeon.
You worshipped Okawaru.
Okawaru was most pleased with you.
You visited 2 branches of the dungeon, and saw 8 of its levels.

You collected 333 gold pieces.

Inventory:

Hand Weapons
 x - a +1 flail of holy wrath (weapon)
Missiles
 l - 12 poisoned darts (quivered)
 u - 2 atropa-tipped darts
 y - 2 boomerangs
Armour
 c - a +0 buckler (worn)
 j - a +2 helmet (worn)
 m - a +0 pair of gloves (worn)
 z - a +0 plate armour (worn)
Jewellery
 n - a ring of positive energy (left hand)
Wands
 t - a wand of flame (12)
Scrolls
 a - a scroll of fear {unknown}
 b - a scroll of teleportation {unknown}
 e - a scroll of enchant weapon {unknown}
 g - a scroll of poison {unknown}
 h - 2 scrolls of amnesia {unknown}
 i - 4 scrolls of fog {unknown}
 k - 2 scrolls of immolation
 r - a scroll of revelation {unknown}
 v - 2 scrolls of identify {unknown}
 A - a scroll of butterflies {unknown}
Potions
 d - 3 potions of might
 f - a potion of brilliance {unknown}
 o - 2 potions of lignification {unknown}
 p - a potion of haste {unknown}
 q - 2 potions of ambrosia {unknown}
 s - 2 potions of curing {unknown}
 w - a potion of attraction {unknown}


   Skills:
 + Level 6.1 Fighting
 + Level 8.0 Maces & Flails
 + Level 2.6 Throwing
 + Level 7.1 Armour
 + Level 1.7 Dodging
 + Level 1.2 Stealth
 + Level 5.8 Shields
 * Level 2.8 Invocations


You had 8 spell levels left.
You didn't know any spells.
Your spell library contained the following spells:

 Spells                   Type           Power      Damage    Failure   Level
 Magic Dart               Conj           0%         1d3       100%        1
 Slow                     Hex            0%         N/A       100%        1
 Blink                    Tloc           0%         N/A       100%        2
 Lesser Beckoning         Tloc           0%         N/A       100%        2
 Confusing Touch          Hex            0%         N/A       100%        3
 Gell's Gravitas          Tloc           0%         N/A       100%        3
 Ignite Poison            Fire/Tmut/Pois 0%         N/A       100%        3
 Mephitic Cloud           Conj/Pois/Air  0%         N/A       100%        3
 Teleport Other           Tloc           0%         N/A       100%        3
 Vampiric Draining        Necr           0%         2d6       100%        3
 Manifold Assault         Tloc           0%         N/A       100%        4
 Sticky Flame             Conj/Fire      0%         2d3       100%        4
 Ignition                 Fire           0%         3d3       100%        8
 Call Imp                 Summ           Unusable   N/A       N/A         2

Dungeon Overview and Level Annotations

Branches:
Dungeon (7/15)             Temple (1/1) D:4

Altars:
Ashenzari
Dithmenos
Fedhas
Gozag
Kikubaaqudgha
Makhleb
Okawaru
Ru
Trog
Vehumet
Wu Jian

Shops:
D:2 [   D:5 (   D:6 ?(?:

Annotations:
D:5 1 runed translucent door, niknal's ghost, amateur TrWr


Innate Abilities, Weirdness & Mutations

You are immune to sickness and miasma.
Your stone body is resilient. (AC +6)
You are immune to poison.
You resist negative energy. (rN+)
You are resistant to electric shocks. (rElec)
You are resistant to unholy torment.
You are immune to petrification.


Message History

The killer bee completely misses you.
You closely miss the killer bee.
The killer bee is almost dead.
You block the killer bee's attack. The killer bee stings you.
* * * LOW HITPOINT WARNING * * *
The killer bee stings you but does no damage.
You block the killer bee's attack.
You closely miss the killer bee.
The killer bee is almost dead.
The killer bee stings you.
* * * LOW HITPOINT WARNING * * *
You block the killer bee's attack. The killer bee stings you.
* * * LOW HITPOINT WARNING * * *
You block the killer bee's attack.
You miss the killer bee.
The killer bee is almost dead.
The killer bee stings you but does no damage.
The killer bee barely misses you. You block the killer bee's attack.
The killer bee stings you but does no damage.
You miss the killer bee.
The killer bee is almost dead.
The killer bee stings you but does no damage. x2
The killer bee barely misses you. The killer bee closely misses you.
You barely miss the killer bee.
The killer bee is almost dead.
The killer bee stings you but does no damage. x3
The killer bee stings you.
* * * LOW HITPOINT WARNING * * *
You miss the killer bee.
The killer bee is almost dead.
The killer bee stings you but does no damage. x4
You barely miss the killer bee.
The killer bee is almost dead.
The killer bee stings you but does no damage.
You block the killer bee's attack. The killer bee closely misses you.
The killer bee stings you but does no damage.
You barely miss the killer bee.
The killer bee is almost dead.
The killer bee stings you.
You die...

#..#..#.P#..#...#..#...#
#..####..###########.#.##
#....................#..###
####.....<..>.#####.###.#.##
############ #.##..#..#
####.####∩####
#........#...##
##########.##.###.#.#..#
#.......y@y##.##.#####.##
#####
#.###..........#.####...#
#...## #.#
#.###...............# #©...#
#.###.# #......#.####...#
#....# #.....# ##.##.##.#
##.## ####.# ####..#
#.......# #.# ####.#
#..#######.#### #.###
.##..######..........##
#....
.##.#.......#######...##
#####


You could see 2 killer bees.

Vanquished Creatures
  Pikel (D:6)
  A kobold demonologist (D:6)
  Grinder (D:6)
  Duvessa (D:4)
  An orc warrior (D:6)
  An ice beast (D:6)
  2 ogres (D:6)
  3 centaurs
  4 lemures (D:6)
  A kobold brigand (D:6)
  2 phantoms
  A bullfrog (D:6)
  2 scorpions
  Dowan (D:4)
  2 hounds
  2 jellies
  A gnoll bouda (Temple)
  An orc priest (D:4)
  A sleepcap (D:3)
  4 iguanas
  8 gnolls
  12 adders
  A shadow imp (D:5)
  2 white imps
  An ufetubus (D:4)
  19 orcs
  2 ball pythons
  6 endoplasms
  3 giant cockroaches
  8 goblins
  4 hobgoblins
  4 jackals (D:1)
  8 kobolds
  6 quokkas
  5 bats
  3 frilled lizards
  5 rats
130 creatures vanquished.

Notes
Turn   | Place    | Note
-------+----------+-------------------------------------------
     0 | D:1      | AdnanSaban the Gargoyle Fighter began the quest for the
                  | Orb.
     0 | D:1      | Reached XP level 1. HP: 14/14 MP: 1/1
   195 | D:1      | Reached XP level 2. HP: 19/19 MP: 2/2
   368 | D:1      | Found a faded altar of an unknown god.
   453 | D:1      | Reached XP level 3. HP: 22/23 MP: 3/3
  1042 | D:2      | Found Ziawogen's Antique Armour Shoppe.
  1373 | D:2      | Found a bloodstained altar of Trog.
  1566 | D:2      | Reached XP level 4. HP: 29/29 MP: 4/4
  1952 | D:3      | Found a burning altar of Makhleb.
  1952 | D:3      | Noticed a blizzard demon
  2139 | D:3      | Reached skill level 3 in Maces & Flails
  2481 | D:4      | Reached XP level 5. HP: 33/33 MP: 5/5
  2486 | D:4      | Found a staircase to the Ecumenical Temple.
  2544 | Temple   | Entered the Ecumenical Temple
  2550 | Temple   | Became a worshipper of Warmaster Okawaru
  2561 | D:4      | Found an opulent altar of Gozag.
  2561 | D:4      | Noticed a phantom
  2574 | D:4      | Killed a phantom
  2575 | D:4      | Reached skill level 4 in Maces & Flails
  2632 | D:4      | Reached XP level 6. HP: 38/38 MP: 6/6
  2662 | Temple   | Reached skill level 1 in Dodging
  2954 | D:4      | Noticed Duvessa
  3122 | D:4      | Reached * piety under Okawaru
  3203 | D:4      | Noticed Dowan
  3224 | D:5      | Entered Level 5 of the Dungeon
  3270 | D:5      | Reached XP level 7. HP: 32/44 MP: 7/7
  3330 | D:5      | Found a bloodstained altar of Trog.
  3845 | D:5      | Reached skill level 5 in Maces & Flails
  4067 | D:5      | Found a runed translucent door.
  4069 | D:5      | Noticed niknal's ghost (amateur TrWr)
  4069 | D:5      | Noticed a wyvern
  4098 | D:5      | Found Xuusas's Antique Weapon Emporium.
  4176 | D:5      | Reached skill level 5 in Armour
  4556 | D:4      | Killed Duvessa
  4557 | D:4      | Reached skill level 5 in Fighting
  4557 | D:4      | Reached skill level 1 in Stealth
  4590 | D:4      | Killed Dowan
  4591 | D:4      | Reached skill level 5 in Shields
  4826 | D:6      | Reached ** piety under Okawaru
  4827 | D:6      | Reached XP level 8. HP: 45/49 MP: 8/8
  4852 | D:6      | Found Ugiviha's Magic Scroll Shoppe.
  4872 | D:6      | Noticed a kobold demonologist
  4874 | D:6      | Noticed a ynoxinul
  4877 | D:6      | Noticed a soul eater
  4887 | D:6      | Noticed a smoke demon
  4920 | D:6      | Reached skill level 1 in Throwing
  4929 | D:6      | Killed a kobold demonologist
  4930 | D:6      | Reached skill level 6 in Maces & Flails
  5186 | D:6      | Found Sakliaca's Book Shop.
  5196 | D:6      | Noticed Grinder
  5196 | D:6      | Paralysed by Grinder for 2 turns
  5206 | D:6      | Paralysed by Grinder for 4 turns
  5214 | D:6      | Killed Grinder
  5215 | D:6      | Reached skill level 7 in Maces & Flails
  5260 | D:6      | Reached XP level 9. HP: 54/54 MP: 9/9
  5328 | D:6      | Found a transporter.
  5328 | D:6      | Found Paclad's Magic Scroll Boutique.
  5408 | D:6      | Found a transporter.
  5446 | D:6      | Reached skill level 1 in Invocations
  5500 | D:6      | Reached *** piety under Okawaru
  5642 | D:6      | Found Jeudeten's Weapon Shop.
  6110 | D:6      | Found a radiant altar of Vehumet.
  6168 | D:6      | Noticed Pikel
  6193 | D:6      | Killed Pikel
  6194 | D:6      | Reached skill level 8 in Maces & Flails
  6456 | D:6      | HP: 2/55 [killer bee (6)]
  6462 | D:6      | Slain by a killer bee

Illustrated notes

Levels and vault maps discovered:
D:1:      heliophobic_arrival_henge, layout_basic,
          hellmonk_ecumenical_altar_lost_god, grunt_decor_arrowhead
D:2:      layout_basic, basic_altar, serial_shops, shop
D:3:      layout_loops_corners, makhleb_altar_promises_db
D:4:      layout_basic, nicolae_gozag_seed_capital,
          minmay_temple_entry_drinking_statues, uniq_duvessa
D:5:      layout_basic, nicolae_overflow_crystal_walls,
          ebering_ghost_inner_flame, serial_shops, shop
D:6:      corexii_shack_village, layout_loops_corners,
          nicolae_vehumet_altar_sigil, serial_shops, shop,
          nicolae_book_shop_shelving, shop, nicolae_shop_drivethru, uniq_pikel,
          uniq_grinder
D:7:      layout_basic, mainiacjoe_overflow_surrounded_room,
          mainiacjoe_overflow_paths, serial_shops, nicolae_shop_behind_doors,
          uniq_menkaure
Temple:   nicolae_temple_bog_church

Skill      XL: |  1  2  3  4  5  6  7  8  9 |
---------------+----------------------------+-----
Maces & Flails | 3 4 5 7 8 |  8.0
Armour         | 4 5 6 7 |  7.1
Fighting       | 4 5 6 |  6.1
Shields        | 4 5 |  5.8
Dodging        | 1 |  1.7
Stealth        | 1 |  1.2
Throwing       | 2 |  2.6
Invocations    | 2 |  2.8

Action                     |  1- 3 |  4- 6 |  7- 9 || total
---------------------------+-------+-------+-------++-------
  Melee: Flail             |   152 |   175 |   298 ||   625
  Throw: Dart              |       |       |    20 ||    20
 Armour: Scale mail        |    93 |   100 |    85 ||   278
         Chain mail        |       |       |    20 ||    20
         Plate armour      |       |       |    96 ||    96
  Dodge: Dodged            |    96 |    79 |   113 ||   288
  Block: Buckler           |    45 |    37 |    72 ||   154

Table legend: (Time is in decaauts)
 A = Elapsed time spent in this place.
 B = Non-inter-level travel time spent in this place.
 C = Inter-level travel time spent in this place.
 D = Time resting spent in this place.
 E = Time spent auto-exploring this place.
 F = Levels seen in this place.
 G = Mean time per level.
                   A        B        C        D        E       F      G
               +--------+--------+--------+--------+--------+-----+--------+
         Total |   6584 |   6288 |    296 |    196 |   4711 |   8 |  823.0 |
       Dungeon |   6329 |   6044 |    285 |      0 |   4711 |   7 |  904.1 |
        Temple |    254 |    243 |     11 |    196 |      0 |   1 |  254.0 |
               +--------+--------+--------+--------+--------+-----+--------+

Top non-repeatable levels by time:
     D:6: 1657 daAuts
     D:5: 1410 daAuts
     D:1: 943 daAuts
     D:3: 891 daAuts
     D:4: 717 daAuts
     D:2: 706 daAuts
  Temple: 254 daAuts
     D:7: 3 daAuts
